 Dungeon Crawl Stone Soup version 0.18.1-48-g4cf74bf (webtiles) character file.

1929 Heedrag the Destroyer (level 8, -7/41 HPs)
             Began as a Deep Elf Conjurer on Aug 2, 2016.
             Was a Priest of Vehumet.
             Mangled by a gnoll
             ... wielding a +0 spear
              (12 damage)
             ... on level 7 of the Dungeon.
             The game lasted 00:21:37 (7644 turns).

Heedrag the Destroyer (Deep Elf Conjurer)           Turns: 7644, Time: 00:21:38

Health: -7/41      AC:  4    Str:  6    XL:     8   Next: 97%
Magic:  7/22       EV: 16    Int: 22    God:    Vehumet [***...]
Gold:   302        SH:  0    Dex: 15    Spells: 6 memorised, 9 levels left

rFire  . . .     SeeInvis .     H - +2 short sword (venom)
rCold  . . .     Gourm    .     a - +1 robe
rNeg   . . .     Faith    .     (no shield)
rPois  .         Spirit   .     (no helmet)
rElec  .         Dismiss  .     r - +0 cloak
rCorr  .         Reflect  .     (no gloves)
SustAt .         Harm     .     (no boots)
MR     .....                    (no amulet)
Stlth  ++........               A - +3 ring of evasion
                                L - -2 ring of slaying (curse)

@: lethally poisoned (-7 -> -8), not resistant to hostile enchantments,
unstealthy
A: no striking features
a: Renounce Religion


You were on level 7 of the Dungeon.
You worshipped Vehumet.
Vehumet was most pleased with you.
You were not hungry.

You visited 2 branches of the dungeon, and saw 8 of its levels.
You also visited: Ossuary.

You collected 302 gold pieces.

Inventory:

Hand Weapons
 d - a +1 dagger
 H - a +2 short sword of venom (weapon)
 I - the +5 whip of Tumult {venom, rPois rF+, unknown}
   (You found it on level 6 of the Dungeon)

   It poisons the flesh of those it strikes.
   It protects you from fire.
   It protects you from poison.
 O - a +3 short sword of freezing
Armour
 a - a +1 robe (worn)
 r - a +0 cloak (worn)
Jewellery
 e - a +1 ring of protection
 A - a +3 ring of evasion (right hand)
 K - an uncursed ring of poison resistance
 L - a cursed -2 ring of slaying (left hand)
Wands
 o - a wand of hasting (2/9)
 t - a wand of acid (5/15)
 G - a wand of disintegration (13/24)
Scrolls
 f - 3 scrolls of fear
 j - 5 scrolls of identify
 l - 2 scrolls of magic mapping {unknown}
 s - 4 scrolls of noise {unknown}
 v - a scroll of enchant weapon
 w - a scroll of holy word {unknown}
 y - a scroll of blinking {unknown}
 E - a scroll of enchant armour
 N - a scroll of fog {unknown}
Potions
 g - a potion of ambrosia {unknown}
 h - 3 potions of might
 i - 2 potions of heal wounds
 k - a potion of agility {unknown}
 n - 3 potions of resistance {unknown}
 p - 3 potions of curing {unknown}
 q - 4 potions of mutation {unknown}
 u - a potion of brilliance {unknown}
 z - a potion of flight {unknown}
 B - a potion of lignification {unknown}
 M - a potion of degeneration {unknown}
Books
 b - a book of Conjurations

   Spells                             Type                      Level
   a - Magic Dart                     Conjuration                  1
   b - Searing Ray                    Conjuration                  2
   c - Dazzling Spray                 Conjuration/Hexes            3
   d - Fulminant Prism                Conjuration/Hexes            4
   e - Iskenderun's Mystic Blast      Conjuration                  4
   f - Iskenderun's Battlesphere      Conjuration/Charms           5
 C - a book of Alchemy

   Spells                             Type                      Level
   a - Sublimation of Blood           Necromancy                   2
   b - Ignite Poison                  Fire/Transmutation/Poison    3
   c - Petrify                        Transmutation/Earth          4
   d - Alistair's Intoxication        Transmutation/Poison         5
   e - Irradiate                      Conjuration/Transmutation    5
 D - a book of Beasts

   Spells                             Type                      Level
   a - Summon Butterflies             Summoning                    1
   b - Call Canine Familiar           Summoning                    3
   c - Summon Ice Beast               Ice/Summoning                4
   d - Summon Mana Viper              Hexes/Summoning              5
   e - Summon Hydra                   Summoning                    7
 F - a book of the Earth

   Spells                             Type                      Level
   a - Leda's Liquefaction            Hexes/Earth                  4
   b - Bolt of Magma                  Conjuration/Fire/Earth       5
   c - Statue Form                    Transmutation/Earth          6
   d - Iron Shot                      Conjuration/Earth            6
   e - Shatter                        Earth                        9
 P - a book of Party Tricks

   Spells                             Type                      Level
   a - Summon Butterflies             Summoning                    1
   b - Apportation                    Translocation                1
   c - Tukima's Dance                 Hexes                        3
   d - Alistair's Intoxication        Transmutation/Poison         5
   e - Invisibility                   Hexes                        6
Comestibles
 c - 2 bread rations
 m - 4 meat rations
 x - 6 fruits


   Skills:
 - Level 2.4 Dodging
 - Level 2.4 Stealth
 + Level 8.7 Spellcasting
 * Level 10.1 Conjurations
 + Level 7.3 Charms


You had 9 spell levels left.
You knew the following spells:

 Your Spells              Type           Power        Failure   Level  Hunger
a - Magic Dart            Conj           ####         1%          1    None
b - Dazzling Spray        Conj/Hex       ####..       1%          3    None
c - Iskenderun's Mystic   Conj           ######..     1%          4    ##.....
d - Iskenderun's Battles  Conj/Chrm      #####...     2%          5    #####..
e - Flame Tongue          Conj/Fire      ####.        1%          1    None
f - Summon Butterflies    Summ           #.......     10%         1    None


Dungeon Overview and Level Annotations

Branches:
Dungeon (7/15)             Temple (1/1) D:7

Altars:
Ashenzari
Cheibriados
Elyvilon
Gozag
Kikubaaqudgha
Okawaru
Qazlal
Ru
Sif Muna
Trog
Vehumet
Xom
Yredelemnul
Zin

Annotations:
D:4 Goblin1989's ghost, weakling DsWz


Message History

A giant gecko an' an orc priest come inta view.
Tha orc priest shouts!
A sky beast appears from thin air!
Reactivatin' autopickup.
Thar be an op'n door 'ere.
Ye feel sick.
Tha giant frog misses ye.
An orc priest an' an orc wizard come inta view.
Tha orc wizard moves outta view.
Tha orc priest shouts!
Ye hit tha orc priest.
Tha orc priest be poison'd.
Tha orc priest be lightly wounded.
Tha giant frog closely misses ye.
Tha orc priest hits ye wit' a club.
* * * LOW HITPOINT WARNIN'
* * * Tha giant frog completely misses ye.
Tha orc wizard shouts!
Ye hit tha orc priest.
Tha orc priest looks ev'n sicker.
Tha orc priest be moderately wounded.
Tha giant frog completely misses ye.
Tha gnoll hits ye from afar wit' a spear!
Ye die...

#....######
##........#
#........#
#........#
#........#
##gs.....# #.
#.......#
#..o#####sg.....#
+.lo.o@Fgg......#
#...#####.......#
#. #.......#
#.......#
#########


You could see a giant frog, a scorpion, 2 orc priests, an orc wizard, 3 gnolls
and a giant gecko.

Vanquished Creatures
  Edmund (D:6)
  A black bear (D:6)
  2 sky beasts
  A centaur (D:7)
  A giant frog (D:7)
  3 water moccasin zombies (Ossuary)
  A killer bee (D:7)
  3 wights (D:7)
  A howler monkey (D:4)
  A crimson imp (D:6)
  A centaur zombie (D:6)
  2 hounds
  A jelly (D:7)
  A centaur skeleton (D:5)
  A giant frog skeleton (D:4)
  6 orc priests
  7 orc wizards
  2 iguanas (D:6)
  4 worker ants
  2 big kobold zombies (Ossuary)
  2 mummies (Ossuary)
  7 adders
  7 adder zombies
  2 worms
  3 dart slugs
  3 giant geckos
  23 orcs
  10 bats
  5 giant cockroaches
  2 gnoll zombies (Ossuary)
  8 goblins
  11 hobgoblins
  7 jackals
  6 kobolds
  3 quokkas
  A ball python (D:3)
  A giant cockroach zombie (D:5)
  5 giant newts
  7 hobgoblin zombies (Ossuary)
  A jackal skeleton (D:5)
  6 kobold zombies (Ossuary)
  2 orc zombies (Ossuary)
  9 rats
173 creatures vanquished.

Vanquished Creatures (others)
  A rat (D:3)
1 creature vanquished.

Grand Total: 174 creatures vanquished

Notes
Turn   | Place    | Note
--------------------------------------------------------------
     0 | D:1      | Heedrag the Deep Elf Conjurer began the quest for the Orb.
     0 | D:1      | Reached XP level 1. HP: 10/10 MP: 6/6
   115 | D:1      | Reached XP level 2. HP: 15/15 MP: 6/8
   367 | D:1      | Reached skill level 5 in Conjurations
   669 | D:1      | Reached XP level 3. HP: 19/19 MP: 3/10
   674 | D:1      | Learned a level 3 spell: Dazzling Spray
  1794 | D:3      | Found a basalt altar of Yredelemnul.
  1818 | D:3      | Reached XP level 4. HP: 24/24 MP: 9/12
  1914 | D:3      | Found an iron altar of Okawaru.
  1968 | D:3      | Found a glowing silver altar of Zin.
  2040 | D:3      | Learned a level 4 spell: Iskenderun's Mystic Blast
  2075 | D:3      | Found a radiant altar of Vehumet.
  2175 | D:3      | HP: 1/24 [hound (4)]
  2176 | D:3      | Reached skill level 6 in Conjurations
  2468 | D:3      | Became a worshipper of Vehumet
  2654 | D:3      | Reached XP level 5. HP: 28/28 MP: 12/14
  2667 | D:3      | Learned a level 5 spell: Iskenderun's Battlesphere
  2713 | D:3      | Found a deep blue altar of Sif Muna.
  2907 | D:4      | Reached skill level 1 in Charms
  2920 | D:4      | Noticed Goblin1989's ghost (weakling DsWz)
  3117 | D:4      | Reached skill level 5 in Spellcasting
  3329 | D:4      | Reached XP level 6. HP: 32/32 MP: 9/15
  3568 | D:4      | Found an ancient bone altar of Kikubaaqudgha.
  3598 | D:4      | Found an opulent altar of Gozag.
  3638 | D:4      | Reached skill level 7 in Conjurations
  3773 | D:4      | Found a stormy altar of Qazlal.
  3791 | D:5      | Entered Level 5 of the Dungeon
  3883 | D:5      | Found a sand-covered staircase.
  3894 | Ossuary  | Entered an ossuary
  4145 | Ossuary  | Reached XP level 7. HP: 25/36 MP: 6/18
  4239 | Ossuary  | Reached * piety under Vehumet
  4239 | Ossuary  | Offered knowledge of Flame Tongue by Vehumet.
  4242 | Ossuary  | Learned a level 1 spell: Flame Tongue
  4932 | D:5      | Reached skill level 8 in Conjurations
  5226 | D:5      | Found a shattered altar of Ashenzari.
  5293 | D:5      | Reached ** piety under Vehumet
  5293 | D:5      | Offered knowledge of Sandblast by Vehumet.
  5720 | D:6      | Reached skill level 5 in Charms
  5839 | D:6      | Learned a level 1 spell: Summon Butterflies
  5854 | D:6      | Reached XP level 8. HP: 33/41 MP: 9/20
  6189 | D:6      | Reached skill level 9 in Conjurations
  6322 | D:6      | Offered knowledge of Throw Flame by Vehumet.
  6323 | D:6      | Noticed Edmund
  6326 | D:6      | Killed Edmund
  6448 | D:6      | Got a crystal whip
  7212 | D:7      | Found a staircase to the Ecumenical Temple.
  7281 | Temple   | Entered the Ecumenical Temple
  7550 | D:7      | Reached skill level 10 in Conjurations
  7552 | D:7      | Reached *** piety under Vehumet
  7644 | D:7      | Mangled by a gnoll

Skill      XL: |  1  2  3  4  5  6  7  8 |
---------------+-------------------------+-----
Conjurations   | 5 6 7 8 10 | 10.1
Spellcasting   | 4 5 6 7 8 |  8.7
Charms         | 2 3 5 7 |  7.3
Dodging        | |  2.4
Stealth        | |  2.4

Action                   |  1- 3 |  4- 6 |  7- 9 || total
-------------------------+-------+-------+-------++-------
Melee: Dagger            |     1 |    15 |     9 ||    25
       Short sword       |       |       |     5 ||     5
 Cast: Magic Dart        |    95 |   148 |   230 ||   473
       Dazzling Spray    |       |     6 |     7 ||    13
       Iskenderun's Batt |       |       |    18 ||    18
       Iskenderun's Myst |       |       |     2 ||     2
  Use: Scroll            |       |     9 |     1 ||    10
       Potion            |       |     1 |     1 ||     2
  Eat: Chunk             |     3 |     2 |    11 ||    16
       Meat ration       |       |     1 |       ||     1
       Beef jerky        |       |       |     1 ||     1
       Bread ration      |       |       |     1 ||     1
Armor: Robe              |     1 |     8 |    16 ||    25
Dodge: Dodged            |     3 |    54 |   103 ||   160
